 Dungeon Crawl Stone Soup version 0.31.0-9-g3a7656b989 (webtiles) character file.

Game seed: 14629687416062586795

295 qw the Shooter (level 5, -5/41 HPs)
             Began as a Demigod Hunter on Feb 2, 2024.
             Killed from afar by an orc wizard (8 damage)
             ... with a magic dart
             ... on level 3 of the Dungeon.
             The game lasted 00:00:09 (1761 turns).

qw the Shooter (Demigod Hunter)                     Turns: 1761, Time: 00:00:09

Health: -5/41      AC:  6    Str: 12    XL:     5   Next: 86%
Magic:  7/7        EV: 11    Int: 11    God:
Gold:   92         SH:  0    Dex: 21    Spells: 4/4 levels left

rFire   . . .        a - +1 shortbow
rCold   . . .        (shield currently unavailable)
rNeg    . . .        l - +0 ring mail
rPois   +            (no helmet)
rElec   .            (no cloak)
rCorr   .            (no gloves)
SInv    .            e - +0 pair of boots
Will    .....        (no amulet) Stlth
                     c - +4 ring of slaying {mikee}
HPRegen 0.26/turn    g - ring of poison resistance
MPRegen 0.10/turn

%: no passive effects
@: confused, lethally poisoned (-5 -> -11)
A: high MP 1, forlorn, divine attributes
a: no special abilities


You were on level 3 of the Dungeon.
You visited 1 branch of the dungeon, and saw 3 of its levels.

You collected 92 gold pieces.


Innate Abilities, Weirdness & Mutations

You have an increased reservoir of magic. (+10% MP)
You shall have no god before yourself.
Your divine heritage dramatically boosts your attributes as you level up.


   Skills:
 - Level 2.0 Fighting
 + Level 5.7 Ranged Weapons
 - Level 2.9 Armour
 - Level 2.0 Dodging
 - Level 0.8 Stealth


You had 4 spell levels left.
You didn't know any spells.
Your spell library was empty.

Inventory:

Hand Weapons
 a - a +1 shortbow (weapon)
Armour
 e - a +0 pair of boots (worn)
 l - a +0 ring mail (worn)
Jewellery
 c - a +4 ring of slaying (left hand) {mikee}
 g - a ring of poison resistance (right hand)
Potions
 f - a potion of curing {unknown}
 i - a potion of brilliance {unknown}
 k - a potion of enlightenment {unknown}
 m - a potion of ambrosia {unknown}

Dungeon Overview and Level Annotations

Branches:
Dungeon (3/15)


Message History

Natasha growls in agony!
The cerulean imp disappears in a puff of smoke! x2
Something hits you.
You hear some strange, mumbled words.
Something tries to affect you, but you resist.
You shoot an arrow. Something hits you.
You shoot an arrow. Something hits you but does no damage.
You shoot an arrow. Something hits you but does no damage.
You shoot an arrow. Something hits you.
You hear some strange, mumbled words.
Something tries to affect you, but you resist.
You shoot an arrow. Something hits you but does no damage.
You are poisoned.
You shoot an arrow.
You feel sick.
You hear some strange, mumbled words.
You are confused.
You shoot an arrow.
You feel sick. Something hits you.
You are more poisoned.
You shoot an arrow.
You feel very sick.
You hear some strange, mumbled words.
You are more confused.
You shoot an arrow.
You feel very sick.
You hear some strange, mumbled words.
A magic dart appears from out of thin air!
The magic dart hits you. Something hits you but does no damage.
You shoot an arrow.
You feel sick.
You hear some strange, mumbled words.
A magic dart appears from out of thin air!
The magic dart hits you!
You die...

####...........
#......(##.. .
##.##...##. ##..
###...%..### ....##
####........# #
#....###......###..###
#.#........### #..#..
..##..##...#### ##....
...))%{@...# #.#..
.[.)..###.## #....
......###..######
###..
..>........>....# #..
................# #..
................# #..
# ##............# #..
..............#
###.........%.#


There were no monsters in sight!

Vanquished Creatures
  A water moccasin (D:3)
  A bombardier beetle (D:3)
  An orc priest (D:3)
  Natasha (D:3)
  3 adders (D:2)
  A shadow imp (D:3)
  6 dart slugs
  2 orcs (D:3)
  5 bats
  6 endoplasms
  3 giant cockroaches (D:1)
  3 goblins
  6 hobgoblins
  6 jackals
  3 quokkas
  4 ball pythons
  5 frilled lizards
  2 kobolds
  8 rats
67 creatures vanquished.

Notes
Turn   | Place    | Note
-------+----------+-------------------------------------------
     0 | D:1      | qw the Demigod Hunter began the quest for the Orb.
     0 | D:1      | Reached XP level 1. HP: 17/17 MP: 3/3
     0 | D:1      | 0 ||| qw: Version: 0.3-a-155-g5e7d8dd
     0 | D:1      | 0 ||| qw: Game counter: 491
     0 | D:1      | 0 ||| qw: Melee chars always use a shield: true
     0 | D:1      | 0 ||| qw: God list: Okawaru
     0 | D:1      | 0 ||| qw: Allow faded altars: false
     0 | D:1      | 0 ||| qw: Do Orc after clearing Dungeon:15 true
     0 | D:1      | 0 ||| qw: Do second Lair branch before Depths: true
     0 | D:1      | 0 ||| qw: Lair rune preference: random
     0 | D:1      | 0 ||| qw: Goals: Normal
     0 | D:1      | 0 ||| PLANNING D:1-11
    93 | D:1      | Reached skill level 4 in Ranged Weapons
   104 | D:1      | Reached XP level 2. HP: 24/24 MP: 4/4
   311 | D:1      | Reached XP level 3. HP: 29/29 MP: 5/5
   446 | D:1      | 446 ||| UPGRADING to +0 ring mail.
   456 | D:1      | 456 ||| DROPPING +0 leather armour.
   457 | D:1      | 457 ||| READING scroll labelled VEASHRIMOJE.
   457 | D:1      | 457 ||| ENCHANTING +0 shortbow.
   458 | D:1      | 458 ||| READING scroll labelled GOESEBBU ATWE.
   459 | D:1      | 459 ||| READING scroll labelled ROTHUS SOTHRIA.
   460 | D:1      | 460 ||| READING scroll labelled ESOTAI EGOLEBU.
   460 | D:1      | 460 ||| IDENTIFYING smoky emerald potion
   461 | D:1      | 461 ||| DROPPING scroll of butterflies.
   462 | D:1      | 462 ||| DROPPING potion of degeneration.
   464 | D:1      | 464 ||| Stepping ~*~*~tactically~*~*~ (cloud).
   471 | D:1      | HP: 7/29 [poisoned by you (poison gas)]
   615 | D:2      | 615 ||| STAIRDANCE
  1106 | D:2      | Reached skill level 5 in Ranged Weapons
  1111 | D:2      | Reached XP level 4. HP: 36/36 MP: 6/6
  1475 | D:2      | 1475 ||| UPGRADING to +0 pair of boots.
  1480 | D:2      | 1480 ||| UPGRADING to +4 ring of slaying {mikee}.
  1481 | D:2      | 1481 ||| UPGRADING to ring of poison resistance.
  1482 | D:2      | 1482 ||| READING scroll labelled TETZIA SOMO.
  1482 | D:2      | 1482 ||| ENCHANTING +0 shortbow.
  1483 | D:2      | 1483 ||| READING scroll labelled AMEOTIRAME.
  1535 | D:3      | Noticed a water moccasin
  1541 | D:3      | Killed a water moccasin
  1542 | D:3      | Reached XP level 5. HP: 20/41 MP: 7/7
  1599 | D:3      | 1599 ||| FLEEEEING.
  1602 | D:3      | 1602 ||| STAIRDANCE
  1739 | D:3      | Noticed Natasha
  1745 | D:3      | 1745 ||| RETREEEEATING.
  1751 | D:3      | Killed Natasha
  1760 | D:3      | HP: 10/41 [poisoned by an orc wizard]
  1760 | D:3      | HP: 4/41 [something/magic dart (6)]
  1761 | D:3      | Killed from afar by an orc wizard

Levels and vault maps discovered:
D:1:      scummos_arrival_hexagon, layout_rooms,
          hellmonk_ecumenical_altar_defaced_shrine
D:2:      layout_loops_corners, chequers_serial_rivers_large_a
D:3:      layout_rooms, marbit_many_paths, roderic_st_hans_cross, uniq_natasha

Skill      XL: |  1  2  3  4 |
---------------+-------------+-----
Ranged Weapons | 4 5 |  5.7
Fighting       | 2 |  2.0
Dodging        | 2 |  2.0
Armour         | 2 |  2.9
Stealth        | |  0.8

Action                     |  1- 3 |  4- 6 || total
---------------------------+-------+-------++-------
   Fire: Shortbow          |    97 |    63 ||   160
    Use: Scroll            |     4 |     2 ||     6
 Armour: Leather armour    |     7 |       ||     7
         Ring mail         |    11 |    26 ||    37
  Dodge: Dodged            |    17 |     5 ||    22

Table legend:
 A = Non-vault XP
 B = Vault XP
 C = Vault XP percentage of total XP
 D = Non-vault monster count
 E = Vault monster count
 F = Vault count percentage of total count
                 A         B        C        D         E       F
            +---------+---------+-------+---------+---------+-------
      Total |     374 |      48 |  11.4 |      60 |       7 |  10.4
            +---------+---------+-------+---------+---------+-------
        D:1 |      45 |      13 |  22.4 |      26 |       6 |  18.8
        D:2 |      74 |       0 |   0.0 |      20 |       0 |   0.0
        D:3 |     255 |      35 |  12.1 |      14 |       1 |   6.7
            +---------+---------+-------+---------+---------+-------
